 Dungeon Crawl Stone Soup version 0.20-a0-540-ge6d1839 (webtiles) character file.

96 polly the Shield-Bearer (level 4, -2/29 HPs)
             Began as a Gargoyle Fighter on Jan 29, 2017.
             Slain by Crazy Yiuf
             ... wielding a +4 quarterstaff of chaos
              (9 damage)
             ... on level 3 of the Dungeon.
             The game lasted 00:03:01 (2173 turns).

polly the Shield-Bearer (Gargoyle Fighter)          Turns: 2173, Time: 00:03:01

Health: -2/29      AC: 10    Str: 21    XL:     4   Next: 67%
Magic:  4/4        EV:  7    Int:  8    God:
Gold:   177        SH:  9    Dex:  9    Spells: 3/3 levels left

rFire    . . .     SeeInvis .   a - +0 flail
rCold    . . .     Gourm    .   b - +0 scale mail
rNeg     + . .     Faith    .   c - +0 shield
rPois    ∞         Spirit   .   (no helmet)
rElec    +         Reflect  .   (no cloak)
rCorr    .         Harm     .   (no gloves)
MR       .....                  (no boots)
Stlth    ..........             (no amulet)
Regen    0.1/turn               (no ring)
                                (no ring)

@: no status effects
A: negative energy resistance 1, electricity resistance, unbreathing,
petrification resistance, rot immunity, AC +3
a: no special abilities


You were on level 3 of the Dungeon.
You were not hungry.

You visited 1 branch of the dungeon, and saw 3 of its levels.

You collected 177 gold pieces.

Inventory:

Hand Weapons
 a - a +0 flail (weapon)
Armour
 b - a +0 scale mail (worn)
 c - a +0 shield (worn)
Jewellery
 x - an uncursed amulet of rage {unknown}
Scrolls
 e - 3 scrolls of identify {unknown}
 j - a scroll of random uselessness {unknown}
 k - 2 scrolls of enchant armour {unknown}
 m - a scroll of enchant weapon {unknown}
 o - a scroll of immolation {unknown}
 q - a scroll of fear {unknown}
 r - a scroll of amnesia {unknown}
 s - a scroll of remove curse {unknown}
Potions
 d - 3 potions of might
 h - a potion of mutation {unknown}
 i - 2 potions of heal wounds {unknown}
 l - a potion of cancellation {unknown}
 n - a potion of curing {unknown}
 p - a potion of haste {unknown}
 t - a potion of flight {unknown}
 v - 2 potions of brilliance {unknown}
 w - 2 potions of cure mutation {unknown}
 A - 2 potions of lignification {unknown}
Comestibles
 f - 3 bread rations
 g - a meat ration
 u - a fruit


   Skills:
 + Level 3.7 Fighting
 + Level 2.6 Maces & Flails
 + Level 4.0 Armour
 + Level 0.8 Dodging
 + Level 0.2 Stealth
 + Level 4.1 Shields


You had 3 spell levels left.
You didn't know any spells.

Dungeon Overview and Level Annotations

Branches:
Dungeon (3/15)

Altars:
Ashenzari
Cheibriados

Annotations:
D:3 Crazy Yiuf


Innate Abilities, Weirdness & Mutations

You are resistant to torment.
Your stone body is resilient. (AC +3)
You are immune to poison.
You resist negative energy. (rN+)
You are resistant to electric shocks. (rElec)
You can survive without breathing.
You are immune to petrification.
You are immune to rotting.


Message History

You open the door.
Crazy Yiuf the Enlightened comes into view.
He is wielding a quarterstaff of chaos.
Crazy Yiuf says, "Rifle water blue!"
Found a mace.
There is an open door here.
Your shield prevents you from hitting Crazy Yiuf.
Crazy Yiuf says, "Papa!
Aardvark sing-song tea."
Crazy Yiuf hits you but does no damage.
You closely miss Crazy Yiuf.
Crazy Yiuf hits you with a quarterstaff of chaos.
Crazy Yiuf freezes you.
You hit Crazy Yiuf but do no damage.
Crazy Yiuf hits you with a quarterstaff of chaos!
Crazy Yiuf freezes you.
* * * LOW HITPOINT WARNING * * *
You closely miss Crazy Yiuf. You block Crazy Yiuf's attack.
Crazy Yiuf closely misses you.
You completely miss Crazy Yiuf.
Crazy Yiuf hits you with a quarterstaff of chaos!
You die...

###########################...##.
............ ###########
#######.#### ..........# #.......
########### ####..## ..........#
#....... ...######## ####
♣♣####...#. ...######## #)..#♣♣
♣♣P)))#...## ...'......#
#..g@.♣♣♣♣P♣))....... ...########
#...#♣..♣.PP)))...... #.## ####
♣♣♣.♣..))...#.#. #.#
♣♣♣♣♣######... #.# #### #.# ##>#
#.##### 8... ......# ... #.###.#


You could see Crazy Yiuf.

Vanquished Creatures
  The ghost of dogface the Poker, a weakling DsGl (D:3)
  2 worms (D:3)
  3 dart slugs
  2 leopard geckos
  3 orcs (D:3)
  2 giant cockroaches (D:1)
  10 hobgoblins
  10 kobolds
  A ball python (D:2)
  7 bats
  2 frilled lizards
  13 goblins
  6 rats
  A fungus (D:3)
63 creatures vanquished.

Notes
Turn   | Place    | Note
-------+----------+-------------------------------------------
     0 | D:1      | polly the Gargoyle Fighter began the quest for the Orb.
     0 | D:1      | Reached XP level 1. HP: 14/14 MP: 1/1
    76 | D:1      | Found a snail-covered altar of Cheibriados.
   113 | D:1      | Reached XP level 2. HP: 19/19 MP: 2/2
   612 | D:1      | Reached XP level 3. HP: 22/23 MP: 3/3
  1047 | D:2      | Found a shattered altar of Ashenzari.
  1732 | D:3      | Reached XP level 4. HP: 28/28 MP: 4/4
  1814 | D:3      | Noticed dogface's ghost (weakling DsGl)
  1822 | D:3      | Killed dogface's ghost
  2163 | D:3      | Found a runed door.
  2167 | D:3      | Noticed Crazy Yiuf
  2173 | D:3      | Slain by Crazy Yiuf

Vault maps used:
D:1:      lemuel_arrival_muddy, hangedman_abyss_or_decor_stabs, nrook_uturn,
          cheibriados_altar_1
D:2:      evilmike_ruin_ashenzari, first_bread
D:3:      nicolae_overflow_hidden_temple, uniq_crazy_yiuf_cottage

Skill      XL: |  1  2  3  4 |
---------------+-------------+-----
Shields        | 4 |  4.1
Armour         | 4 |  4.0
Fighting       | |  3.7
Maces & Flails | |  2.6
Dodging        | |  0.8
Stealth        | |  0.2

Action                   |  1- 3 |  4- 6 || total
-------------------------+-------+-------++-------
Melee: Flail             |   170 |    84 ||   254
  Eat: Chunk             |     3 |     2 ||     5
Armor: Scale mail        |    83 |    32 ||   115
Dodge: Dodged            |    52 |    26 ||    78
Block: Shield            |   105 |    26 ||   131
